 Dungeon Crawl Stone Soup version 0.25-a0-734-g73332aeda9 (webtiles) character file.

Game seed: 13128653933296864309, levelgen mode: deterministic

80 Error4North the Chopper (level 4, 0/37 HPs)
             Began as a Demonspawn Chaos Knight on Apr 10, 2020.
             Was a Plaything of Xom.
             Slain by a gnoll
             ... wielding a +0 club
              (7 damage)
             ... on level 2 of the Dungeon.
             The game lasted 00:10:16 (1010 turns).

Error4North the Chopper (Demonspawn Chaos Knight)   Turns: 1010, Time: 00:10:17

Health: 0/37       AC:  5    Str: 14    XL:     4   Next: 18%
Magic:  4/4        EV: 11    Int: 13    God:    Xom [..*...]
Gold:   88         SH:  0    Dex: 12    Spells: 3/3 levels left

rFire    + . .     SeeInvis .   a - +0 hand axe (chaos)
rCold    . . .     Gourm    .   (no shield)
rNeg     . . .     Faith    .   b - +2 leather armour
rPois    .         Spirit   .   (no helmet)
rElec    .         Reflect  .   (no cloak)
rCorr    .         Harm     .   (no gloves)
MR       .....                  (no boots)
Stlth    +.........             (no amulet)
HPRegen  0.12/turn              i - ring of protection from fire
MPRegen  0.09/turn              (no ring)

@: mighty, brilliant, lethally poisoned (0 -> -3)
A: hooves 1, powered by pain 1
a: Renounce Religion


You were on level 2 of the Dungeon.
You worshipped Xom.
You were a toy of Xom.
You were not hungry.

You visited 1 branch of the dungeon, and saw 2 of its levels.

You collected 88 gold pieces.

Inventory:

Hand Weapons
 a - a +0 hand axe of chaos (weapon)
Armour
 b - a +2 leather armour (worn)
Jewellery
 i - a ring of protection from fire (left hand)
Scrolls
 e - a scroll of remove curse {unknown}
 g - a scroll of magic mapping {unknown}
Potions
 f - a potion of brilliance
 h - a potion of curing {unknown}
Comestibles
 c - 6 rations
 d - 2 chunks of flesh


   Skills:
 + Level 3.6 Fighting
 + Level 3.9 Axes
 + Level 2.1 Armour
 + Level 1.1 Dodging


You had 3 spell levels left.
You didn't know any spells.
Your spell library was empty.

Dungeon Overview and Level Annotations

Branches:
Dungeon (2/15)

Altars:
Wu Jian


Innate Abilities, Weirdness & Mutations

You have large cloven feet.
You sometimes gain a little power by taking damage.


Message History

You feel energised by your suffering.
You feel sick.
You slash the gnoll!
You kill the gnoll!
You feel sick. The bat closely misses you. The bat hits you but does no damage.
You slash the bat!
You feel better.
You kill the bat!
You barely miss the gnoll.
You feel sick. The gnoll hits you with a +0 club.
* * * LOW HITPOINT WARNING * * *
The gnoll hits you but does no damage.
It was a potion of brilliance.
You feel clever all of a sudden.
Xom roars with laughter!
The gnoll hits you with a +0 club.
* * * LOW HITPOINT WARNING * * *
The gnoll closely misses you.
You hit the gnoll.
The gnoll is poisoned.
The gnoll is lightly wounded.
You feel sick. The gnoll hits you with a +0 club!
You die...

....# #........#
#########.#######
........#.# #######.#.#
# #..#.#
######.#..##########
......_....<........
###..#.#################
..............gg@.......
###....####...##########
###....# #...# .##....#
#..g# .##....####.gg##
.##....#.......#
###....#.......#
#...(#.......# #.......#


You could see 2 gnolls.

Vanquished Creatures
  A gnoll (D:2)
  2 adders (D:2)
  A dart slug (D:1)
  3 leopard geckos (D:1)
  A giant cockroach (D:1)
  3 goblins (D:1)
  2 hobgoblins (D:1)
  14 jackals (D:1)
  2 ball pythons (D:1)
  3 bats
  3 frilled lizards
  5 kobolds
  7 rats
47 creatures vanquished.

Notes
Turn   | Place    | Note
-------+----------+-------------------------------------------
     0 | D:1      | Error4North the Demonspawn Chaos Knight began the quest for
                  | the Orb.
     0 | D:1      | Reached XP level 1. HP: 18/18 MP: 1/1
    27 | D:1      | XOM: potion effect (haste)
    68 | D:1      | Gained mutation: You have large cloven feet. [demonic
                  | ancestry]
    68 | D:1      | Reached XP level 2. HP: 19/24 MP: 2/2
   246 | D:1      | Reached skill level 1 in Dodging
   246 | D:1      | Reached XP level 3. HP: 28/29 MP: 3/3
   276 | D:1      | XOM: silly message
   384 | D:1      | XOM: divination: detect creatures
   706 | D:1      | XOM: harmless Ice miscast
   940 | D:2      | Found an ornate altar of the Wu Jian Council.
   981 | D:2      | XOM: harmless Air miscast
  1001 | D:2      | XOM: potion effect (might)
  1005 | D:2      | Gained mutation: You sometimes gain a little power by
                  | taking damage. [demonic ancestry]
  1005 | D:2      | Reached XP level 4. HP: 10/37 MP: 4/4
  1010 | D:2      | Slain by a gnoll

Levels and vault maps discovered:
D:1:      dpeg_arrival_tiny_b, layout_loops_cross
D:2:      layout_basic, lemuel_crystal_altar, makhleb_grotto_becter

Skill      XL: |  1  2  3 |
---------------+----------+-----
Axes           | 3 |  3.9
Dodging        | 1 |  1.1
Armour         | 2 |  2.1
Fighting       | |  3.6

Action                   |  1- 3 |  4- 6 || total
-------------------------+-------+-------++-------
Melee: Hand axe          |   109 |     4 ||   113
       Kick              |     7 |       ||     7
  Use: Potion            |       |     1 ||     1
Armor: Leather armour    |    32 |     2 ||    34
Dodge: Dodged            |    80 |     2 ||    82

Table legend:
 A = Non-vault XP
 B = Vault XP
 C = Vault XP percentage of total XP
 D = Non-vault monster count
 E = Vault monster count
 F = Vault count percentage of total count
                 A         B        C        D         E       F
            +---------+---------+-------+---------+---------+-------
      Total |     115 |       0 |   0.0 |      47 |       0 |   0.0
            +---------+---------+-------+---------+---------+-------
        D:1 |      70 |       0 |   0.0 |      40 |       0 |   0.0
        D:2 |      45 |       0 |   0.0 |       7 |       0 |   0.0
            +---------+---------+-------+---------+---------+-------
